 Dungeon Crawl Stone Soup version 0.23-a0-29-g1be82e5 (webtiles) character file.

199 twitchtvpekkekke the Insei (level 5, -2/41 HPs)
             Began as a Gnoll Wanderer on Aug 4, 2018.
             Slain by an orc wizard
             ... wielding a +1 dagger of speed
              (4 damage)
             ... on level 4 of the Dungeon.
             The game lasted 00:07:20 (3192 turns).

twitchtvpekkekke the Insei (Gnoll Wanderer)         Turns: 3192, Time: 00:07:21

Health: -2/41      AC:  7    Str: 17      XL:     5   Next: 77%
Magic:  7/7        EV: 12    Int: 14      God:
Gold:   114        SH:  0    Dex: 14 (15) Spells: 7/7 levels left

rFire    . . .     SeeInvis .   a - +0 rapier (venom)
rCold    . . .     Gourm    .   (no shield)
rNeg     . . .     Faith    .   s - +0 ring mail (curse)
rPois    .         Spirit   .   n - -1 helmet (curse)
rElec    .         Reflect  .   (no cloak)
rCorr    .         Harm     .   (no gloves)
MR       .....                  (no boots)
Stlth    ..........             p - amulet of inaccuracy (curse)
HPRegen  0.13/turn              (no ring)
MPRegen  0.10/turn              (no ring)

@: confused, hasted, very quick
A: distributed training, fangs 1, talons 1, iridescent scales 1, strong 1,
strong nose
a: no special abilities


You were on level 4 of the Dungeon.
You were not hungry.

You visited 1 branch of the dungeon, and saw 4 of its levels.

You collected 114 gold pieces.

Inventory:

Hand Weapons
 a - a +0 rapier of venom (weapon)
 b - a +0 hunting sling
 o - a +0 short sword
Missiles
 j - 33 arrows
 k - 110 stones (quivered)
 w - 20 bolts
Armour
 h - a +1 plate armour
 n - a cursed -1 helmet (worn)
 s - a cursed +0 ring mail (worn)
 u - a cursed +0 plate armour
Jewellery
 p - a cursed amulet of inaccuracy (around neck)
 r - an uncursed amulet of guardian spirit {unknown}
Scrolls
 c - 3 scrolls of teleportation
 g - a scroll of enchant armour
 i - a scroll of enchant weapon
Comestibles
 f - 5 rations


   Skills:
 + Level 3.0 Fighting
 + Level 1.6 Short Blades
 + Level 1.6 Long Blades
 + Level 3.0 Axes
 + Level 1.6 Maces & Flails
 + Level 1.6 Polearms
 + Level 1.6 Staves
 + Level 1.6 Slings
 + Level 1.6 Bows
 + Level 1.6 Crossbows
 + Level 1.6 Throwing
 + Level 3.0 Armour
 + Level 3.0 Dodging
 + Level 2.8 Stealth
 + Level 3.0 Shields
 + Level 6.7 Unarmed Combat
 + Level 1.6 Spellcasting
 + Level 1.2 Conjurations
 + Level 1.2 Hexes
 + Level 1.2 Charms
 + Level 1.2 Summonings
 + Level 1.2 Necromancy
 + Level 1.2 Translocations
 + Level 1.2 Transmutations
 + Level 1.2 Fire Magic
 + Level 1.2 Ice Magic
 + Level 1.2 Air Magic
 + Level 1.2 Earth Magic
 + Level 1.2 Poison Magic
 + Level 1.8 Invocations
 + Level 3.0 Evocations


You had 7 spell levels left.
You didn't know any spells.
Your spell library was empty.

Dungeon Overview and Level Annotations

Branches:
Dungeon (4/15)
 Temple: D:4-7

Altars:
Dithmenos
Hepliaklqana
Makhleb
Qazlal
Wu Jian
Yredelemnul
The Shining One


Innate Abilities, Weirdness & Mutations

Your experience applies equally to all skills.
You have very sharp teeth.
Your uncanny sense of smell can sniff out nearby items.
You have sharp toenails.
You are partially covered in iridescent scales. (AC +2)
Your muscles are strong. (Str +2)


Message History

The magic dart hits you!
* * * LOW HITPOINT WARNING * * *
The orc misses you. The orc wizard closely misses you.
You take 6 damage, and have 10/41 hp.
It was a potion of mutation.
You feel extremely strange.
You feel stronger.
Iridescent scales grow over part of your body.
Your toenails lengthen and sharpen.
The orc completely misses you. The orc wizard casts a spell at you.
The magic dart hits you!
* * * LOW HITPOINT WARNING * * *
You take 4 damage, and have 6/41 hp.
Unknown command.
It was a potion of cancellation.
Your magical effects are unravelling.
You feel magically purged.
Your magical contamination has completely faded away.
You feel yourself slow down.
You flicker back into view.
You feel a little less agile now. The orc wizard misses you.
The orc wizard hits you but does no damage.
The orc hits you but does no damage.
Okay, then.
Unknown command.
Okay, then.
Unknown command.
As you read the scroll labeled ADWONUR GI BUGO, it crumbles to dust.
You feel aware of your surroundings.
You sensed 1 shop/portal.
It was a scroll of magic mapping.
The orc wizard hits you but does no damage.
The orc hits you but does no damage. The orc wizard barely misses you.
The orc hits you but does no damage.
You feel yourself speed up.
The orc wizard looks more healthy.
The orc wizard barely misses you.
You hear some strange, mumbled words.
You are confused.
The orc wizard barely misses you. The orc misses you.
The orc wizard hits you but does no damage.
The orc misses you.
You aren't carrying any potions.
Unknown command.
You're too confused!
You closely miss something. Something hits you but does no damage.
The orc wizard hits you but does no damage. x2
The orc hits you but does no damage.
You're too confused to move!
The orc barely misses you.
The orc wizard gestures at you while chanting.
The magic dart hits you!
* * * LOW HITPOINT WARNING * * *
Something barely misses you.
The orc wizard hits you but does no damage.
You take 2 damage, and have 4/41 hp.
You bump into the rock wall.
The orc wizard casts a spell.
The orc wizard blinks!
The orc hits you with a club.
* * * LOW HITPOINT WARNING * * *
Something hits you.
You die...

######## #[)....# #)####.#
*********#######<##**,*#
,,,,,,,,,..o>..o§.##...#*
,,,,,,,,,.....(#@{......#********
,********..###o#oo.#.....,,,,,,,,
,,,,,,,,,,,,,#,#w..#*.###*******,
,,,******,,*,*,#...#*,# *,
**,******,>,,,,#...#*,***** *,
*,,,,,,,,**,**#....,,,,,,* *,
********,**,**#...##,***,* *,
*,,,,,,(....,,* *,** *,
*,,,,**,*,,**** *,,* **


You could see 2 orc wizards, a dart slug and 2 orcs.

Vanquished Creatures
  3 orc wizards
  A worker ant (D:3)
  An adder (D:3)
  2 worms (D:2)
  2 dart slugs (D:1)
  2 leopard geckos
  5 orcs
  A giant cockroach (D:2)
  4 hobgoblins
  13 jackals
  A quokka (D:3)
  2 ball pythons
  8 bats
  2 frilled lizards
  13 goblins
  3 kobolds
  8 rats
71 creatures vanquished.

Notes
Turn   | Place    | Note
-------+----------+-------------------------------------------
     0 | D:1      | twitchtvpekkekke the Gnoll Wanderer began the quest for the Orb.
     0 | D:1      | twitchtvpekkekke set off with: 2 potions of haste, a +0 short sword, a scroll of teleportation, a +0 robe, a ration
     0 | D:1      | Reached XP level 1. HP: 17/17 MP: 2/2
   285 | D:1      | Reached XP level 2. HP: 18/23 MP: 3/3
   741 | D:1      | Reached XP level 3. HP: 21/28 MP: 4/4
  1442 | D:2      | Reached skill level 1 in Invocations
  1823 | D:2      | Found a stormy altar of Qazlal.
  1831 | D:2      | Reached skill level 1 in Short Blades
  1831 | D:2      | Reached skill level 1 in Long Blades
  1831 | D:2      | Reached skill level 1 in Maces & Flails
  1831 | D:2      | Reached skill level 1 in Polearms
  1831 | D:2      | Reached skill level 1 in Staves
  1831 | D:2      | Reached skill level 1 in Slings
  1831 | D:2      | Reached skill level 1 in Bows
  1831 | D:2      | Reached skill level 1 in Crossbows
  1831 | D:2      | Reached skill level 1 in Throwing
  1831 | D:2      | Reached skill level 1 in Spellcasting
  1854 | D:2      | Found a shadowy altar of Dithmenos.
  1858 | D:2      | Found a hazy altar of Hepliaklqana.
  1858 | D:2      | Found a glowing golden altar of the Shining One.
  1860 | D:2      | Found a burning altar of Makhleb.
  1860 | D:2      | Found an ornate altar of the Wu Jian Council.
  1861 | D:2      | Found a basalt altar of Yredelemnul.
  1871 | D:2      | Reached XP level 4. HP: 32/34 MP: 6/6
  2220 | D:3      | Reached skill level 1 in Conjurations
  2220 | D:3      | Reached skill level 1 in Hexes
  2220 | D:3      | Reached skill level 1 in Charms
  2220 | D:3      | Reached skill level 1 in Summonings
  2220 | D:3      | Reached skill level 1 in Necromancy
  2220 | D:3      | Reached skill level 1 in Translocations
  2220 | D:3      | Reached skill level 1 in Transmutations
  2220 | D:3      | Reached skill level 1 in Fire Magic
  2220 | D:3      | Reached skill level 1 in Ice Magic
  2220 | D:3      | Reached skill level 1 in Air Magic
  2220 | D:3      | Reached skill level 1 in Earth Magic
  2220 | D:3      | Reached skill level 1 in Poison Magic
  2917 | D:3      | Reached XP level 5. HP: 40/40 MP: 7/7
  3186 | D:4      | Gained mutation: Your muscles are strong. (Str +2) [potion of mutation]
  3186 | D:4      | Gained mutation: You are partially covered in iridescent scales. (AC +2) [potion of mutation]
  3186 | D:4      | Gained mutation: You have sharp toenails. [potion of mutation]
  3192 | D:4      | HP: 2/41 [orc/club (2)]
  3192 | D:4      | Slain by an orc wizard

Vault maps used:
D:1:      dpeg_arrival_circle_labyrinth_a
D:2:      grunt_temple_overflow_open
D:3:      minmay_wonky_spiral, nicolae_overflow_hidden_temple
D:4:      first_ration, gup_sewer_entry_glass, uniq_duvessa, uniq_robin

Skill      XL: |  1  2  3  4  5 |
---------------+----------------+-----
Invocations    | 1 |  1.8
Short Blades   | 1 |  1.6
Long Blades    | 1 |  1.6
Maces & Flails | 1 |  1.6
Polearms       | 1 |  1.6
Staves         | 1 |  1.6
Slings         | 1 |  1.6
Bows           | 1 |  1.6
Crossbows      | 1 |  1.6
Throwing       | 1 |  1.6
Spellcasting   | 1 |  1.6
Conjurations   | 1 |  1.2
Hexes          | 1 |  1.2
Charms         | 1 |  1.2
Summonings     | 1 |  1.2
Necromancy     | 1 |  1.2
Translocations | 1 |  1.2
Transmutations | 1 |  1.2
Fire Magic     | 1 |  1.2
Ice Magic      | 1 |  1.2
Air Magic      | 1 |  1.2
Earth Magic    | 1 |  1.2
Poison Magic   | 1 |  1.2
Fighting       | 3 |  3.0
Axes           | 3 |  3.0
Armour         | 3 |  3.0
Dodging        | 3 |  3.0
Shields        | 3 |  3.0
Evocations     | 3 |  3.0
Stealth        | |  2.8
Unarmed Combat | |  6.7

Action                   |  1- 3 |  4- 6 || total
-------------------------+-------+-------++-------
Melee: Short sword       |   119 |       ||   119
       Bite              |    10 |    11 ||    21
       Rapier            |     7 |   105 ||   112
       Punch             |       |     1 ||     1
 Fire: Hunting sling     |    52 |    43 ||    95
  Use: Scroll            |     3 |     3 ||     6
       Potion            |     1 |     6 ||     7
 Stab: Sleeping          |       |     1 ||     1
  Eat: Chunk             |     3 |     4 ||     7
Armor: Plate armour      |   130 |    88 ||   218
       Ring mail         |       |    30 ||    30
Dodge: Dodged            |    42 |    58 ||   100

Table legend:
 A = Spawn XP
 B = Non-spawn XP
 C = Spawn XP percentage of total XP
 D = Spawn monster count
 E = Non-spawn monster count
 F = Spawn count percentage of total count
 G = Total turns spent on level
                    A         B        C        D         E        F      G
               +---------+---------+-------+---------+---------+-------+---------
         Total |       0 |     285 |   0.0 |       0 |      71 |   0.0 |  3192
               +---------+---------+-------+---------+---------+-------+---------
           D:1 |       0 |      52 |   0.0 |       0 |      29 |   0.0 |  1487
           D:2 |       0 |      45 |   0.0 |       0 |      22 |   0.0 |   875
           D:3 |       0 |     105 |   0.0 |       0 |      15 |   0.0 |   770
           D:4 |       0 |      83 |   0.0 |       0 |       5 |   0.0 |    60
               +---------+---------+-------+---------+---------+-------+---------
